 Dungeon Crawl Stone Soup version 0.29-a0-334-gb41bcbb86e (webtiles) character file.

Game seed: 16146191915964578796

21 kevlar127 the Cudgeller (level 2, -1/25 HPs)
             Began as a Minotaur Gladiator on Apr 14, 2022.
             Slain by a rat (2 damage)
             ... on level 1 of the Dungeon.
             The game lasted 00:12:03 (401 turns).

kevlar127 the Cudgeller (Minotaur Gladiator)         Turns: 401, Time: 00:12:03

Health: -1/25      AC:  3    Str: 18    XL:     2   Next: 62%
Magic:  1/1        EV: 12    Int:  5    God:
Gold:   44         SH:  0    Dex: 11    Spells: 1/1 levels left

rFire   . . .      SeeInvis .   a - +0 flail
rCold   . . .      Faith    .   (no shield)
rNeg    . . .      Spirit   .   b - +0 leather armour
rPois   .          Reflect  .   c - +0 hat
rElec   .          Harm     .   (no cloak)
rCorr   .          Rampage  .   (no gloves)
Will    .....                   (no boots)
Stlth   +.........              (no amulet)
HPRegen 0.08/turn               (no ring)
MPRegen 0.07/turn               (no ring)

@: flying
A: horns 2, retaliatory headbutt
a: no special abilities


You were on level 1 of the Dungeon.
You visited 1 branch of the dungeon, and saw 1 of its levels.

You collected 44 gold pieces.

Inventory:

Hand Weapons
 a - a +0 flail (weapon)
 g - a +0 dagger of speed
 h - a +0 hunting sling of flaming
 i - a +0 hand axe
 k - a +0 club
 l - a +0 club
 m - a +0 hand crossbow
 p - a +0 club
Missiles
 d - 3 throwing nets (quivered)
 e - a javelin
 j - 28 stones
Armour
 b - a +0 leather armour (worn)
 c - a +0 hat (worn)
 n - a +0 leather armour
 o - a +0 ring mail


   Skills:
 + Level 2.7 Fighting
 + Level 4.2 Maces & Flails
 + Level 2.2 Throwing
 + Level 3.5 Dodging


You had one spell level left.
You didn't know any spells.
Your spell library was empty.

Dungeon Overview and Level Annotations

Branches:
Dungeon (1/15)

Altars:


Innate Abilities, Weirdness & Mutations

You have a pair of horns on your head.
You reflexively headbutt those who attack you in melee.


Message History

A dart slug comes into view.
The kobold completely misses you. The kobold hits you with a +0 club.
There is a stone staircase leading down here.
You closely miss the kobold.
The frilled lizard hisses angrily.
You headbutt the kobold.
The kobold is moderately wounded.
The kobold hits you with a +0 short sword.
The kobold hits you with a +0 club.
* * * LOW HITPOINT WARNING * * *
The kobold closely misses you. You furiously retaliate!
You headbutt the kobold.
You see here a hobgoblin corpse.
The kobold hits you but does no damage.
The kobold throws a stone.
The stone misses you. The kobold attacks as you move away!
The kobold hits you with a +0 short sword.
* * * LOW HITPOINT WARNING * * *
The kobold hits you with a +0 short sword.
* * * LOW HITPOINT WARNING * * *
The kobold throws a stone.
The stone hits you but does no damage.
It was a potion of flight.
You feel very buoyant.
You fly up into the air.
The giant cockroach bites you but does no damage.
The kobold barely misses you. You furiously retaliate!
You headbutt the kobold!
You kill the kobold!
You closely miss the kobold. Your headbutt misses the kobold.
The kobold is moderately wounded.
The giant cockroach bites you but does no damage.
The kobold closely misses you. You furiously retaliate!
You headbutt the kobold.
You kill the kobold!
The frilled lizard hisses.
The giant cockroach barely misses you.
You completely miss the rat. The giant cockroach closely misses you.
You furiously retaliate!
You headbutt the giant cockroach!
You kill the giant cockroach!
The rat bites you.
You die...

########### #.........# ###
#.....>...# ..# #.....@r)†#
..### #.......l†#######
....### ##.......w>.......
..#...####.................
...........................
...........................
..###......................
...........................
...###.....>...............


You could see a dart slug, a frilled lizard and a rat.

Vanquished Creatures
  2 giant cockroaches (D:1)
  3 goblins (D:1)
  3 hobgoblins (D:1)
  3 jackals (D:1)
  A quokka (D:1)
  A bat (D:1)
  A frilled lizard (D:1)
  2 kobolds (D:1)
  3 rats (D:1)
19 creatures vanquished.

Notes
Turn   | Place    | Note
-------+----------+-------------------------------------------
     0 | D:1      | kevlar127 the Minotaur Gladiator began the quest for the
                  | Orb.
     0 | D:1      | Reached XP level 1. HP: 18/18 MP: 0/0
    75 | D:1      | Found a faded altar of an unknown god.
   289 | D:1      | Reached XP level 2. HP: 17/25 MP: 1/1
   309 | D:1      | Reached skill level 4 in Maces & Flails
   397 | D:1      | HP: 1/25 [kobold/+0 short sword (3)]
   401 | D:1      | Slain by a rat

Illustrated notes

Levels and vault maps discovered:
D:1:      onia_arrival_mini_spirals, layout_rooms,
          hellmonk_ecumenical_altar_zigzags

Skill      XL: |  1  2 |
---------------+-------+-----
Maces & Flails | 4 |  4.2
Fighting       | |  2.7
Throwing       | |  2.2
Dodging        | |  3.5

Action                   || total
-------------------------++-------
Melee: Flail             ||    24
       Headbutt          ||     2
  Use: Potion            ||     1
Armor: Leather armour    ||    11
Dodge: Dodged            ||    32

Table legend: (Time is in decaauts)
 A = Elapsed time spent in this place.
 B = Non-inter-level travel time spent in this place.
 C = Inter-level travel time spent in this place.
 D = Time resting spent in this place.
 E = Time spent auto-exploring this place.
 F = Levels seen in this place.
 G = Mean time per level.
                   A        B        C        D        E       F      G
               +--------+--------+--------+--------+--------+-----+--------+
         Total |    406 |    402 |      4 |      0 |     43 |   1 |  406.0 |
       Dungeon |    406 |    402 |      4 |      0 |     43 |   1 |  406.0 |
               +--------+--------+--------+--------+--------+-----+--------+

Top non-repeatable levels by time:
     D:1: 406 daAuts
